 Dungeon Crawl Stone Soup version 0.16.0-6-gad6103a (webtiles) character file.

56 Nefaurd the Grasshopper (level 3, 0/30 HPs)
             Began as a Ghoul Warper on Mar 15, 2015.
             Slain by a hobgoblin (1 damage)
             ... on level 3 of the Dungeon.
             The game lasted 00:11:36 (720 turns).

Nefaurd the Grasshopper (Ghoul Warper)               Turns: 720, Time: 00:11:37

Health: 0/30       AC:  3    Str: 14    XL:     3   Next: 97%
Magic:  6/6        EV: 11    Int:  8    God:
Gold:   47         SH:  0    Dex:  9    Spells: 2 memorised, 3 levels left

rFire  . . .     SeeInvis .       - Unarmed
rCold  + . .     Clarity  .     b - +0 leather armour
rNeg   + + +     SustAb   .     (no shield)
rPois  ∞         Gourm    .     (no helmet)
rElec  .         Spirit   .     (no cloak)
rCorr  .         Warding  .     (no gloves)
rMut   .         Stasis   .     (no boots)
MR     .....                    (no amulet)
Stlth  +.........               (no ring)
                                (no ring)

@: very slightly contaminated, rotting, not resistant to hostile enchantments,
very unstealthy
A: rotting body, claws 1, carnivore 3, cold resistance 1, negative energy
resistance 3, poison resistance, slow healing 1, torment resistance, unbreathing
a: no special abilities


You were on level 3 of the Dungeon.
You were not hungry.

You visited 1 branch of the dungeon, and saw 4 of its levels.

You collected 47 gold pieces.

Inventory:

Armour
 b - a +0 leather armour (worn)
 f - a +0 leather armour
Books
 c - a book of Spatial Translocations

   Spells                             Type                      Level
   a - Apportation                    Translocation                1
   b - Blink                          Translocation                2
   c - Shroud of Golubria             Charms/Translocation         2
   d - Portal Projectile              Translocation                3
   e - Teleport Other                 Translocation                3
   f - Passage of Golubria            Translocation                4
Comestibles
 a - a beef jerky
 g - a meat ration


   Skills:
 + Level 2.5 Fighting
 + Level 1.0 Throwing
 + Level 1.6 Armour
 + Level 2.0 Dodging
 + Level 0.2 Stealth
 + Level 2.4 Unarmed Combat
 + Level 2.0 Spellcasting
 + Level 3.3 Translocations


You had 3 spell levels left.
You knew the following spells:

 Your Spells              Type           Power        Failure   Level  Hunger
a - Apportation           Tloc           #.........   14%         1    ##.....
b - Shroud of Golubria    Chrm/Tloc      #.........   34%         2    ###....


Dungeon Overview and Level Annotations

Branches:
Dungeon (4/15)
 Temple: D:4-7

Altars:
Dithmenos
Fedhas
Kikubaaqudgha
Okawaru
Sif Muna
Xom

Annotations:
D:3 Edmund, Robin


Innate Abilities, Weirdness & Mutations

Your body is rotting away.
You thrive on raw meat.
You have sharp fingernails.
You are carnivorous and can eat meat at any time.
Your flesh is cold resistant.
You are immune to negative energy.
Your system is resistant to poisons.
You heal slowly when monsters are visible.
You are immune to unholy pain and torment.
You can survive without breathing.


Message History

All of the chunks of flesh in your inventory have rotted away.
A hobgoblin comes into view. It is wielding a club.
The hobgoblin shouts!
You scratch the hobgoblin.
The hobgoblin begins to bleed from its wounds!
The hobgoblin is severely wounded.
The hobgoblin hits you with a club.
* * * LOW HITPOINT WARNING * * *
You scratch the hobgoblin.
You kill the hobgoblin!
The giant newt bites you.
* * * LOW HITPOINT WARNING * * *
You see here a club.
The giant newt hisses menacingly.
A hobgoblin comes into view.
The hobgoblin shouts!
An adder and a kobold come into view.
The kobold shouts!
The hobgoblin hits you.
You die...

#.# #.# #.. . #K####.#
#####+#......#
.............
.....[..... #.......Sg#
########@.# #.sb.gl...#
#g#######.######.
#.#.......##..!..
#g#.......#....)#+#
#b#....(...._...#.#
#s#......._..[_.#.#
#.#..............+#####
#g#....$....⌠....$....#


You could see an adder, a giant cockroach, 2 hobgoblins, a goblin, a bat, a
kobold and a giant newt.

Vanquished Creatures
  An orc priest (D:4)
  An adder (D:4)
  2 giant geckos (D:1)
  An orc (D:4)
  A bat (D:4)
  4 hobgoblins
  A kobold (D:1)
  4 goblins
  A rat (D:1)
16 creatures vanquished.

Notes
Turn   | Place    | Note
--------------------------------------------------------------
     0 | D:1      | Nefaurd, the Ghoul Warper, began the quest for the Orb.
     0 | D:1      | Reached XP level 1. HP: 17/17 MP: 2/2
   157 | D:1      | Reached XP level 2. HP: 15/25 MP: 1/3
   338 | D:1      | Reached skill level 1 in Armour
   344 | D:1      | Learned a level 2 spell: Shroud of Golubria
   396 | D:2      | You fall through a shaft for 2 floors!
   462 | D:4      | Reached skill level 3 in Translocations
   470 | D:4      | Reached skill level 1 in Throwing
   470 | D:4      | Reached XP level 3. HP: 20/30 MP: 5/5
   635 | D:4      | Noticed Edmund
   663 | D:3      | Found an ancient bone altar of Kikubaaqudgha.
   663 | D:3      | Found a blossoming altar of Fedhas.
   663 | D:3      | Found an iron altar of Okawaru.
   663 | D:3      | Found a shadowy altar of Dithmenos.
   665 | D:3      | Found a deep blue altar of Sif Muna.
   665 | D:3      | Found a shimmering altar of Xom.
   679 | D:3      | Noticed Robin
   704 | D:3      | HP: 1/30 [giant newt (1)]
   720 | D:3      | Slain by a hobgoblin

Action                   || total
-------------------------++-------
Melee: Unarmed           ||    54
Throw: Tomahawk          ||     5
 Cast: Shroud of Golubri ||     1
  Use: Potion            ||     2
       Scroll            ||     1
